 Dungeon Sprint DCSS version 0.31-a0-818-ge7c7cf74f0 (webtiles) character file.

Game seed: 12710197962935100344

16559 sircluck the Brawler (level 12, -7/144 HPs)
             Began as a Troll Berserker on Sept 23, 2023.
             Was the Champion of Trog.
             Mangled by a merfolk
             ... wielding a +0 trident
             ... led by a merfolk aquamancer
              (14 damage)
             ... in the Dungeon (Sprint VII: "The Pits").
             The game lasted 00:07:23 (1543 turns).

sircluck the Brawler (Troll Berserker)              Turns: 1543, Time: 00:07:23

Health: -7/144     AC:  6    Str: 35    XL:     12   Next: 11%
Magic:  11/11      EV: 17    Int:  3    God:    Trog [******]
Gold:   44         SH:  0    Dex:  9    Spells: 11/11 levels left

rFire   . .          .
                       - Unarmed
rCold   . . .        (no shield)
rNeg    . . .        o - +0 troll leather armour
rPois   .            (helmet restricted)
rElec   .            n - +0 cloak
rCorr   .            (gloves unavailable)
SInv    .            (boots unavailable)
Will    .....        (no amulet)
Stlth   +            k - +3 ring of evasion
HPRegen 2.04/turn    l - +3 ring of strength
MPRegen 0.12/turn

%: no teleportation
@: on berserk cooldown, slowed, very slow
A: large, unfitting armour, claws 3, regeneration 1, shaggy fur 1, tough skin 1
a: Renounce Religion, Berserk, Trog's Hand, Brothers in Arms


You were in the Dungeon.
You worshipped Trog.
Trog was exalted by your worship.
You visited 1 branch You collected 44 gold pieces.

Inventory:

Armour
 a - a +0 animal skin
 g - +0 swamp dragon scales
 n - a +0 cloak (worn)
 o - a +0 troll leather armour (worn)
Jewellery
 k - a +3 ring of evasion (left claw)
 l - a +3 ring of strength (right claw)
 v - a ring of poison resistance
 x - a ring of protection from fire
Wands
 w - a wand of flame (7)
Scrolls
 i - 2 scrolls of vulnerability
 j - a scroll of butterflies
 p - 2 scrolls of fog
 q - 2 scrolls of fear
 r - a scroll of blinking
 s - 2 scrolls of enchant weapon
 t - a scroll of identify
Potions
 b - 5 potions of curing
 c - 15 potions of heal wounds
 d - 3 potions of haste
 e - 4 potions of magic
 f - 9 potions of berserk rage
 h - 2 potions of invisibility
 m - 2 potions of might
 u - 2 potions of mutation


   Skills:
 + Level 15.7 Fighting
 + Level 15.4 Dodging
 + Level 18.1 Unarmed Combat


You had 11 spell levels left.
You didn't know any spells.
Your spell library was empty.

Dungeon Overview and Level Annotations

Branches:
Dungeon (1/1)

Altars:
Ashenzari
Cheibriados
Dithmenos
Elyvilon
Fedhas
Gozag
Hepliaklqana
Kikubaaqudgha
Makhleb
Nemelex Xobeh
Okawaru
Qazlal
Ru
Sif Muna
Trog
Uskayaw
Vehumet
Wu Jian
Xom
Yredelemnul
Zin
The Shining One
Jiyva
Lugonu


Innate Abilities, Weirdness & Mutations

You are too large for most types of armour.
You have claws for hands.
Your natural rate of healing is unusually fast.
You are covered in fur. (AC +1)
You have tough skin. (AC +1)


Message History

The death cob hits you.
* * * LOW HITPOINT WARNING * * *
The death cob drains your vigour!
You feel as though you will be slow longer.
You mangle the death cob!!
You destroy the death cob!
Trog accepts your kill.
You hear a deafening roar!
The spriggan rider barely misses you. The merfolk closely misses you.
You hear a shout!
Your Unarmed Combat skill increases to level 18!
You have reached level 12!
You feel stronger.
Unknown command.
Unknown command.
You barely miss the spriggan rider. You eviscerate the spriggan rider!!!
The spriggan rider is severely wounded.
The merfolk misses you. The spriggan rider barely misses you.
You eviscerate the spriggan rider!!!
You kill the spriggan rider!
Trog accepts your kill.
You kill the hornet!
Trog accepts your kill.
The merfolk hits you from afar with a +0 trident!!
* * * LOW HITPOINT WARNING * * *
A merfolk comes into view. It is wielding a +0 trident.
Unknown command.
Unknown command.
You enter the shallow water.
The merfolk attacks as it pursues you!
The merfolk hits you from afar with a +0 trident.
* * * LOW HITPOINT WARNING * * *
You feel a strong urge to attack something.
The merfolk closely misses you.
You are no longer berserk.
You are exhausted.
You feel as though you will be slow longer.
The merfolk attacks as it pursues you!
The merfolk hits you from afar with a +0 trident!
You die...

#..################..##..#....
#..# n# #..##....... #..# n#
#..##....... #..# D# #..####++###
#..# s# ##..# #..# .#.#..#
#..#############)##..#
####............~~m))...#
_.##............@~~.....#
_.###########++##########
..###########++##########
#'##................##..#
'.##......#..#......##..#
#.##................''..#
..÷'................''..#########
####......#..#......##.††..)†....
[[##................##...........


You could see a merfolk.

Vanquished Creatures
  A death cob (D)
  A nagaraja (D)
  A merfolk aquamancer (D)
  3 boulder beetles (D)
  A spriggan (D)
  A fire crab (D)
  A swamp dragon (D)
  A spriggan druid (D)
  An orc knight (D)
  A deep elf pyromancer (D)
  A lindwurm (D)
  An orc sorcerer (D)
  2 phantasmal warriors (D)
  A wolf spider (D)
  A black mamba (D)
  A guardian serpent (D)
  A rust devil (D)
  An unseen horror (D)
  A kobold demonologist (D)
  An orange demon (D)
  2 ice devils (D)
  A rime drake (D)
  A polar bear (D)
  A hellwing (D)
  3 blink frogs (D)
  A tarantella (D)
  2 hornets (D)
  A snapping turtle (D)
  A wraith (D)
  2 water elementals (D)
  A wyvern (D)
  A basilisk (D)
  2 vampire mosquitoes (D)
  A warg (D)
  A water moccasin (D)
  A floating eye (D)
  An orc warrior (D)
  A black bear (D)
  An ice beast (D)
  A wolf (D)
  A centaur (D)
  2 necrophages (D)
  4 killer bees (D)
  A jelly (D)
  An orc priest (D)
  An orc wizard (D)
  A hell rat (D)
  A gnoll (D)
  An adder (D)
  A river rat (D)
  An ufetubus (D)
  3 orcs (D)
  A bat zombie (D)
  A hobgoblin (D)
  4 jackals (D)
  4 quokkas (D)
  2 ball pythons (D)
  A ball python zombie (D)
  3 bats (D)
  A frilled lizard (D)
  A giant cockroach simulacrum (D)
  2 goblins (D)
  A kobold (D)
88 creatures vanquished.

Vanquished Creatures (collateral kills)
  A flayed ghost (D)
  A troll (D)
  A spriggan (D)
  A small abomination (D)
4 creatures vanquished.

Grand Total: 92 creatures vanquished

Notes
Turn   | Place    | Note
-------+----------+-------------------------------------------
     0 | D        | sircluck the Troll Berserker began the quest for the Orb.
     0 | D        | Reached XP level 1. HP: 22/22 MP: 0/0
    11 | D        | Noticed a polar bear
    12 | D        | Noticed a wyvern
    18 | D        | Killed a wyvern
    19 | D        | Reached skill level 5 in Fighting
    19 | D        | Reached skill level 5 in Dodging
    19 | D        | Reached skill level 6 in Unarmed Combat
    19 | D        | Reached XP level 2. HP: 35/35 MP: 1/1
    19 | D        | Reached XP level 3. HP: 42/42 MP: 2/2
    19 | D        | Reached XP level 4. HP: 50/50 MP: 3/3
    19 | D        | Reached XP level 5. HP: 57/57 MP: 4/4
    26 | D        | Killed a polar bear
    26 | D        | Reached ** piety under Trog
    27 | D        | Reached skill level 8 in Unarmed Combat
    27 | D        | Reached XP level 6. HP: 40/71 MP: 5/5
   105 | D        | Found a bloodstained altar of Trog.
   105 | D        | Found a shimmering blue altar of Sif Muna.
   105 | D        | Found a viscous altar of Jiyva.
   105 | D        | Found a hazy altar of Hepliaklqana.
   105 | D        | Found an opulent altar of Gozag.
   106 | D        | Found a glowing golden altar of the Shining One.
   106 | D        | Found a glowing silver altar of Zin.
   106 | D        | Found a basalt altar of Yredelemnul.
   106 | D        | Found a shimmering altar of Xom.
   106 | D        | Found an ornate altar of the Wu Jian Council.
   106 | D        | Found a sacrificial altar of Ru.
   106 | D        | Found a stormy altar of Qazlal.
   106 | D        | Found an iron altar of Okawaru.
   106 | D        | Found a sparkling altar of Nemelex Xobeh.
   106 | D        | Found a burning altar of Makhleb.
   106 | D        | Found a blossoming altar of Fedhas.
   106 | D        | Found a white marble altar of Elyvilon.
   106 | D        | Found a shadowy altar of Dithmenos.
   106 | D        | Found a snail-covered altar of Cheibriados.
   108 | D        | Found a radiant altar of Vehumet.
   108 | D        | Found a corrupted altar of Lugonu.
   109 | D        | Found a hide-covered altar of Uskayaw.
   109 | D        | Found an ancient bone altar of Kikubaaqudgha.
   109 | D        | Found a broken altar of Ashenzari.
   160 | D        | Reached *** piety under Trog
   167 | D        | Noticed a floating eye
   169 | D        | Paralysed by a floating eye for 2 turns
   174 | D        | Killed a floating eye
   175 | D        | Reached skill level 9 in Unarmed Combat
   181 | D        | Reached **** piety under Trog
   243 | D        | Noticed a water moccasin
   260 | D        | Killed a water moccasin
   260 | D        | Reached ***** piety under Trog
   261 | D        | Reached XP level 7. HP: 73/80 MP: 6/6
   345 | D        | Reached skill level 10 in Unarmed Combat
   345 | D        | Received a gift from Trog
   392 | D        | Noticed a boulder beetle
   392 | D        | Noticed an ice devil
   401 | D        | Killed an ice devil
   402 | D        | Reached XP level 8. HP: 89/92 MP: 7/7
   405 | D        | Killed a boulder beetle
   406 | D        | Reached skill level 10 in Fighting
   406 | D        | Reached skill level 11 in Unarmed Combat
   515 | D        | Noticed an ice devil
   520 | D        | Killed an ice devil
   521 | D        | Reached skill level 10 in Dodging
   530 | D        | Received a gift from Trog
   531 | D        | Reached skill level 12 in Unarmed Combat
   534 | D        | Noticed a troll
   541 | D        | Killed a troll
   542 | D        | Reached XP level 9. HP: 20/102 MP: 8/8
   644 | D        | Noticed a phantasmal warrior
   644 | D        | Noticed a nagaraja
   649 | D        | Killed a phantasmal warrior
   656 | D        | Received a gift from Trog
   657 | D        | Reached skill level 13 in Unarmed Combat
   663 | D        | Killed a nagaraja
   710 | D        | Noticed a phantasmal warrior
   717 | D        | Killed a phantasmal warrior
   718 | D        | Reached skill level 14 in Unarmed Combat
   718 | D        | Reached XP level 10. HP: 41/115 MP: 9/9
   722 | D        | Noticed a lindwurm
   722 | D        | Noticed a swamp dragon
   727 | D        | Killed a lindwurm
   727 | D        | Reached ****** piety under Trog
   755 | D        | Received a gift from Trog
   759 | D        | Killed a swamp dragon
   763 | D        | HP: 5/118 [poison (poison gas)]
   763 | D        | HP: 2/118 [orc/+0 trident (3)]
   823 | D        | Noticed an orc sorcerer
   832 | D        | Killed an orc sorcerer
   833 | D        | Received a gift from Trog
   852 | D        | Noticed a wolf spider
   852 | D        | Noticed a boulder beetle
   862 | D        | Killed a wolf spider
   863 | D        | Reached skill level 15 in Unarmed Combat
   881 | D        | Killed a boulder beetle
   942 | D        | Identified the +8 rapier "Leschyac" {flame, rElec Will+
                  | Str+2} (Trog gifted it to you in the Dungeon)
   942 | D        | Received a gift from Trog
   963 | D        | Reached XP level 11. HP: 97/127 MP: 10/10
   973 | D        | Noticed a flayed ghost
   984 | D        | Killed a flayed ghost
   995 | D        | Reached skill level 16 in Unarmed Combat
  1002 | D        | Noticed a boulder beetle
  1007 | D        | Received a gift from Trog
  1014 | D        | Killed a boulder beetle
  1174 | D        | Received a gift from Trog
  1205 | D        | Noticed a fire crab
  1211 | D        | Killed a fire crab
  1217 | D        | Reached skill level 17 in Unarmed Combat
  1334 | D        | Received a gift from Trog
  1354 | D        | Noticed a deep elf pyromancer
  1354 | D        | Noticed a spriggan druid
  1356 | D        | Killed a deep elf pyromancer
  1361 | D        | Killed a spriggan druid
  1362 | D        | Reached skill level 15 in Fighting
  1516 | D        | Noticed an orc knight
  1523 | D        | Killed an orc knight
  1524 | D        | Received a gift from Trog
  1525 | D        | Reached skill level 15 in Dodging
  1526 | D        | Noticed a merfolk aquamancer
  1532 | D        | Noticed a wolf spider
  1532 | D        | Noticed a fire giant
  1532 | D        | Noticed a death cob
  1533 | D        | Killed a merfolk aquamancer
  1536 | D        | Noticed a spriggan rider
  1537 | D        | Killed a death cob
  1538 | D        | Reached skill level 18 in Unarmed Combat
  1538 | D        | Reached XP level 12. HP: 30/143 MP: 11/11
  1540 | D        | HP: 9/214 [merfolk/+0 trident[a merfolk aquamancer] (25)]
  1543 | D        | Mangled by a merfolk

Illustrated notes

Levels and vault maps discovered:
D:        pitsprint [storerooms_1, entrance_room_1, metal_vault_7, armoury_2,
          mini_pit_1, grid_room_1, main_hall_1, silver_pit, the_coven_3,
          the_vestibule_1, steel_vault_4, golden_pit, hallway_of_sentries,
          crystal_vault_4, iron_vault_4, final_vault]

Skill      XL: |  1  2  3  4  5  6  7  8  9 10 11 |
---------------+----------------------------------+-----
Fighting       | 5 7 8 9 10 12 13 15 | 15.7
Dodging        | 5 7 9 10 11 13 15 | 15.4
Unarmed Combat | 6 8 9 10 12 14 15 18 | 18.1

Action                     |  1- 3 |  4- 6 |  7- 9 | 10-12 || total
---------------------------+-------+-------+-------+-------++-------
  Melee: Unarmed           |     4 |    41 |    80 |   142 ||   267
         Punch             |       |       |     5 |    13 ||    18
 Invoke: Berserk           |     1 |       |     2 |     4 ||     7
         Brothers in Arms  |       |       |     1 |     2 ||     3
         Trog's Hand       |       |       |       |     1 ||     1
    Use: Potion            |       |       |     2 |     4 ||     6
         Scroll            |       |       |       |     1 ||     1
   Stab: Sleeping          |       |       |     1 |       ||     1
 Armour: Animal skin       |     4 |    44 |    47 |       ||    95
         Troll leather arm |       |       |    11 |   118 ||   129
  Dodge: Dodged            |     3 |    30 |    73 |    91 ||   197

Table legend: (Time is in decaauts)
 A = Elapsed time spent in this place.
 B = Non-inter-level travel time spent in this place.
 C = Inter-level travel time spent in this place.
 D = Time resting spent in this place.
 E = Time spent auto-exploring this place.
 F = Levels seen in this place.
 G = Mean time per level.
                   A        B        C        D        E       F      G
               +--------+--------+--------+--------+--------+-----+--------+
         Total |   1533 |   1421 |    112 |    389 |    104 |   1 | 1533.0 |
       Dungeon |   1533 |   1421 |    112 |    389 |    104 |   1 | 1533.0 |
               +--------+--------+--------+--------+--------+-----+--------+

Top non-repeatable levels by time:
       D: 1533 daAuts
